 Dungeon Crawl Stone Soup version 0.29.0-4-gdea44cf6ec (webtiles) character file.

Game seed: 13223183315257762937

2 qw the Sneak (level 1, -8/14 HPs)
             Began as a Gargoyle Delver on Sept 10, 2022.
             Mangled by an ice beast (11 damage)
             ... on level 5 of the Dungeon.
             The game lasted 00:00:06 (361 turns).

qw the Sneak (Gargoyle Delver)                       Turns: 361, Time: 00:00:06

Health: -8/14      AC:  5    Str: 15    XL:     1   Next: 30%
Magic:  1/1        EV: 11    Int: 10    God:
Gold:   0          SH:  0    Dex: 11    Spells: 0/0 levels left

rFire   . . .      SeeInvis .   Y - +0 hand axe
rCold   . . .      Faith    .   (no shield)
rNeg    + . .      Spirit   .   b - +0 leather armour
rPois   inf        Reflect  .   (no helmet)
rElec   +          Harm     .   (no cloak)
rCorr   .          Rampage  .   (no gloves)
Will    .....                   (no boots)
Stlth   +++.......              (no amulet)
HPRegen 0.04/turn               (no ring)
MPRegen 0.07/turn               (no ring)

@: no status effects
A: sickness immunity, AC +2, negative energy resistance 1, electricity
resistance, torment resistance 1, petrification resistance
a: no special abilities


You were on level 5 of the Dungeon.
You visited 1 branch of the dungeon, and saw 1 of its levels.


Innate Abilities, Weirdness & Mutations

You are immune to sickness and miasma.
Your stone body is resilient. (AC +2)
You are immune to poison.
You resist negative energy. (rN+)
You are resistant to electric shocks. (rElec)
You are resistant to unholy torment.
You are immune to petrification.


   Skills:
 - Level 3.2 Fighting
 + Level 2.0 Axes
 - Level 1.5 Dodging
 - Level 5.4 Stealth


You couldn't memorise any spells.
You didn't know any spells.
Your spell library was empty.

Inventory:

Hand Weapons
 Y - a +0 hand axe (weapon)
Armour
 b - a +0 leather armour (worn)
Wands
 g - a wand of digging (3)
Potions
 a - a potion of resistance {unknown}
 c - a potion of might {unknown}
 f - a potion of haste

Dungeon Overview and Level Annotations

Branches:
Dungeon (5/15)             Temple (0/1) D:5

Altars:


Message History

You kill the orc!
Your Axes skill increases to level 2!
You start resting.
HP restored.
323 ||| READING scroll labelled XAROLEICOZ.
As you read the scroll labelled XAROLEICOZ, it crumbles to dust.
You feel strangely unstable.
It was a scroll of teleportation.
You start waiting.
Your surroundings suddenly seem different.
Found a sedimented yellow potion and a brown potion.
Found an escape hatch in the ceiling.
Found a stone staircase leading down and a stone staircase leading up.
Enter note:
327 ||| DROPPING scroll of fog.
You drop a scroll of fog.
328 ||| DROPPING scroll of magic mapping.
You drop a scroll of magic mapping.
329 ||| DROPPING scroll of fear.
You drop a scroll of fear.
(D) Dungeon (T) Temple
Where to? (* - list waypoints, ? - help) Sorry, I don't know how to get there.
There is a stone staircase leading down here.
a - a brown potion
There is a stone staircase leading up here.
c - a sedimented yellow potion An ice beast comes into view.
You closely miss the ice beast.
The ice beast hits you but does no damage.
You hit the ice beast.
The ice beast is lightly wounded.
The ice beast barely misses you.
The ice beast hits you but does no damage.
You closely miss the ice beast.
The ice beast is lightly wounded.
The ice beast hits you. The ice beast freezes you!
Ouch! That really hurt!
You closely miss the ice beast.
The ice beast is lightly wounded.
The ice beast hits you. The ice beast freezes you!
Ouch! That really hurt!
You die...

#############
##.....<......#
#...............#
#...............#
#...............#
#.......@.......#
##......Y......##
##...........##
######...####
#.#... #.#### #.#
#.#


You could see an ice beast.

Vanquished Creatures
  An orc (D:5)
1 creature vanquished.

Notes
Turn   | Place    | Note
-------+----------+-------------------------------------------
     0 | D:5      | qw the Gargoyle Delver began the quest for the Orb.
     0 | D:5      | Reached XP level 1. HP: 14/14 MP: 1/1
     0 | D:5      | 0 ||| qw: Version: 0.1-a-117-gfe26ee0
     0 | D:5      | 0 ||| qw: Game counter: 9767
     0 | D:5      | 0 ||| qw: Always use a shield: true
     0 | D:5      | 0 ||| qw: God list: Okawaru
     0 | D:5      | 0 ||| qw: Allow faded altars: false
     0 | D:5      | 0 ||| qw: Do Orc after D:15 true
     0 | D:5      | 0 ||| qw: Do second Lair branch before Depths: true
     0 | D:5      | 0 ||| qw: Lair rune preference: random
     0 | D:5      | 0 ||| qw: Plans: Normal
     0 | D:5      | 0 ||| PLANNING D:1-11
    12 | D:5      | Found a staircase to the Ecumenical Temple.
    13 | D:5      | 13 ||| PLANNING TEMPLE
    28 | D:5      | HP: 2/14 [orc/+0 war axe (8)]
   323 | D:5      | 323 ||| READING scroll labelled XAROLEICOZ.
   327 | D:5      | 327 ||| DROPPING scroll of fog.
   328 | D:5      | 328 ||| DROPPING scroll of magic mapping.
   329 | D:5      | 329 ||| DROPPING scroll of fear.
   349 | D:5      | Noticed an ice beast
   361 | D:5      | HP: 3/14 [ice beast (2)]
   361 | D:5      | Mangled by an ice beast

Levels and vault maps discovered:
D:5:      layout_rooms, okawaru_ov_weapons_minmay, marbit_many_paths,
          temple_pool_b

Skill      XL: |  1 |
---------------+----+-----
Axes           | 2 |  2.0
Fighting       | |  3.2
Dodging        | |  1.5
Stealth        | |  5.4

Action                   || total
-------------------------++-------
Melee: Hand axe          ||    12
  Use: Scroll            ||     1
Armor: Leather armour    ||     3
Dodge: Dodged            ||     6

Table legend:
 A = Non-vault XP
 B = Vault XP
 C = Vault XP percentage of total XP
 D = Non-vault monster count
 E = Vault monster count
 F = Vault count percentage of total count
                 A         B        C        D         E       F
            +---------+---------+-------+---------+---------+-------
      Total |       3 |       0 |   0.0 |       1 |       0 |   0.0
            +---------+---------+-------+---------+---------+-------
        D:5 |       3 |       0 |   0.0 |       1 |       0 |   0.0
            +---------+---------+-------+---------+---------+-------
